Map: Dreamcatcher LE

Players

Nationwide

  • Race: Zerg Zerg
  • League: Platinum
  • Spawn Location: 5:00

Cliggity - Winner!

  • Race: Protoss Protoss
  • League: Platinum
  • Spawn Location: 11:00

VOD

Have the link to the VOD?

Description

Time

  • Played on: Nov. 11, 2018, 6:20 p.m.
  • Length: 18:34
Show
View Real Time Build Order
Export as new Build Order

Nationwide Zerg 

Build Orders: Hatch First 

Get SALT Encoding   

  12  0:01  Drone  
  13  0:13  Overlord  
  13  0:20  Drone  
  14  0:33  Drone x2  
  16  0:37  Drone  
  17  1:09  Drone x2  
  19  1:11  Extractor  
  19  1:15  Hatchery  
  17  1:24  Spawning Pool  
  16  1:30  Drone x2  
  18  2:19  Hatchery  
  18  2:22  Zergling x6  
  20  2:24  Metabolic Boost  
  20  2:25  Queen  
  20  2:29  Drone  
  23  2:35  Drone  
  24  2:50  Drone  
  24  2:51  Drone x2  
  27  2:55  Drone  
  28  3:02  Evolution Chamber  
  27  3:06  Drone  
  27  3:08  Overlord  
  28  3:21  Overlord  
  28  3:26  Queen  
  30  3:30  Drone x3  
  32  3:39  Drone, Zerg Melee Weapons Level 1  
  33  3:46  Drone x2  
  35  3:53  Lair  
  36  4:02  Drone  
  36  4:03  Drone, Zergling x4  
  36  4:04  Zergling x2  
  36  4:08  Drone  
  41  4:13  Queen  
  41  4:16  Drone  
  44  4:22  Drone x2  
  46  4:25  Drone x3  
  46  4:27  Extractor  
  46  4:28  Extractor  
  44  4:45  Zergling x16  
  47  4:49  Drone  
  44  4:59  Overlord  
  43  5:07  Drone x3  
  43  5:12  Drone x3  
  48  5:24  Zergling x6  
  48  5:25  Drone  
  48  5:26  Drone  
  52  5:31  Extractor  
  51  5:41  Drone x4  
  55  5:48  Evolution Chamber  
  54  5:54  Drone  
  54  5:55  Spire  
  54  6:05  Zerg Melee Weapons Level 2  
  54  6:15  Drone x3  
  52  6:39  Zergling x4  
  52  6:40  Zergling x2  
  52  6:45  Drone x2  
  52  6:50  Drone x2  
  54  7:00  Extractor  
  53  7:02  Extractor  
  50  7:12  Overlord x3  
  50  7:13  Overlord  
  50  7:14  Drone  
  50  7:18  Zerg Ground Armor Level 1  
  50  7:19  Zerg Flyer Weapons Level 1  
  50  7:37  Drone x4  
  50  7:38  Hatchery  
  50  7:43  Drone x3  
  50  7:44  Drone  
  57  7:58  Queen x2  
  59  8:08  Drone  
  59  8:09  Mutalisk, Drone x2  
  62  8:27  Mutalisk x4  
  70  8:38  Drone x2  
  70  8:39  Drone x2  
  74  8:45  Overlord x3  
  74  9:02  Mutalisk x4  
  74  9:03  Mutalisk  
  74  9:08  Drone x3  
  74  9:09  Drone  
  88  9:10  Drone  
  88  9:16  Baneling Nest  
  88  9:20  Infestation Pit  
  84  9:25  Zergling x4  
  84  9:26  Zergling x6  
  85  9:37  Mutalisk x3  
  81  9:44  Spore Crawler  
  78  9:45  Spore Crawler  
  78  9:47  Spore Crawler  
  78  9:50  Spore Crawler  
  78  9:52  Spore Crawler  
  74  9:53  Drone  
  74  9:54  Spore Crawler  
  74  9:57  Overlord  
  72  10:08  Mutalisk x2  
  72  10:09  Mutalisk  
  74  10:17  Corruptor  
  74  10:21  Drone x4  
  78  10:29  Zergling x2  
  78  10:30  Zergling x8  
  78  10:35  Centrifical Hooks  
  83  10:39  Drone x2  
  83  10:56  Corruptor x3  
  87  11:03  Drone x3  
  87  11:04  Drone  
  91  11:05  Drone x3  
  91  11:10  Drone x2  
  94  11:33  Zergling x2  
  94  11:35  Overlord x2  
  94  11:37  Baneling x5  
  94  11:38  Baneling x5  
  94  11:39  Baneling x6  
  93  12:06  Corruptor x6  
  93  12:24  Overlord x4  
  93  12:35  Zerg Flyer Weapons Level 2  
  88  12:50  Drone x4  
  88  12:51  Drone x3  
  94  12:52  Corruptor x2  
  94  12:53  Zergling x6  
  94  12:57  Baneling x4  
  94  12:58  Baneling x6  
  102  13:00  Zerg Ground Armor Level 2  
  102  13:07  Extractor  
  102  13:08  Extractor  
  102  13:10  Spore Crawler x2  
  94  13:21  Corruptor x2  
  94  13:23  Zergling x12  
  98  13:47  Hatchery  
  92  13:58  Baneling x4  
  92  13:59  Baneling  
  92  14:01  Overlord  
  92  14:02  Overlord x5  
  92  14:19  Overlord x4  
  92  14:26  Zerg Missile Weapons Level 1  
  92  14:30  Hive  
  92  14:44  Zergling x2  
  92  14:45  Zergling x14  
  98  14:59  Drone x3  
  101  15:10  Drone x4  
  101  15:11  Drone  
  106  15:21  Zergling x2  
  106  15:22  Zergling x4  
  106  15:28  Hatchery  
  108  15:35  Baneling x6  
  106  15:46  Zergling x4  
  106  15:47  Zergling x8  
  97  15:58  Zergling x4  
  97  15:59  Zergling x14  
  95  16:13  Greater Spire  
  91  16:18  Zergling x2  
  91  16:19  Zergling x10  
  91  16:23  Adrenal Glands  
  97  16:40  Drone x4  
  97  16:41  Drone, Hatchery  
  96  16:52  Hatchery  
  95  16:58  Baneling  
  95  16:59  Baneling x6  
  95  17:00  Baneling x5  
  95  17:01  Baneling  
  95  17:02  Zergling x12  
  97  17:25  Zergling x12  
  97  17:26  Zergling x10  
  88  17:38  Brood Lord x4  
  88  17:39  Brood Lord x5  
  88  17:40  Corruptor  
  88  17:41  Corruptor  
  86  18:11  Overlord x2  
  86  18:12  Overlord  
Show
View Real Time Build Order
Export as new Build Order

Cliggity Protoss - Winner!

Build Orders: 1 Gate Expand 

Get SALT Encoding   

  12  0:00  Probe  
  13  0:17  Probe  
  13  0:18  Pylon  
  14  0:28  Probe  
  15  0:36  Probe  
  16  0:43  Gateway  
  16  0:44  Probe  
  17  0:55  Probe  
  18  0:58  Assimilator  
  18  1:07  Probe  
  19  1:15  Pylon  
  19  1:19  Probe  
  20  1:31  Nexus  
  20  1:36  Probe  
  21  1:48  Probe  
  21  1:51  Cybernetics Core  
  22  1:57  Gateway  
  22  2:08  Probe  
  22  2:14  Pylon  
  23  2:20  Assimilator  
  22  2:27  Warp Gate  
  22  2:32  Adept, Probe  
  25  2:41  Probe  
  25  2:45  Probe  
  25  2:49  Probe  
  25  2:50  Adept  
  29  2:57  Probe  
  31  2:59  Probe  
  31  3:02  Sentry  
  34  3:09  Probe  
  34  3:11  Probe  
  36  3:17  Adept  
  38  3:22  Probe  
  39  3:27  Probe  
  39  3:30  Probe  
  41  3:35  Probe  
  41  3:38  Probe  
  41  3:39  Stargate  
  42  3:45  Gateway  
  42  3:46  Gateway, Probe  
  42  3:48  Probe  
  43  3:50  Pylon  
  45  3:58  Probe  
  46  4:08  Pylon, Probe  
  47  4:10  Probe  
  47  4:16  Assimilator  
  48  4:18  Assimilator  
  48  4:20  Probe  
  48  4:22  Probe  
  48  4:24  Oracle  
  53  4:42  Probe x2  
  55  4:58  Probe x2  
  53  5:01  Phoenix  
  55  5:08  Gateway  
  55  5:09  Twilight Council  
  55  5:14  Stargate  
  55  5:16  Pylon  
  55  5:18  Adept  
  55  5:19  Adept x2  
  62  5:21  Probe  
  62  5:27  Pylon  
  62  5:30  Pylon  
  62  5:34  Probe  
  63  5:35  Charge  
  63  5:43  Phoenix  
  63  5:45  Nexus  
  63  5:47  Pylon  
  63  5:49  Pylon  
  65  5:52  Pylon  
  65  5:57  Phoenix, Pylon  
  65  6:02  Robotics Facility  
  65  6:03  Pylon x2  
  67  6:11  Assimilator  
  67  6:16  Assimilator  
  67  6:19  Shield Battery  
  67  6:20  Shield Battery  
  67  6:45  Phoenix x2, Probe x2  
  66  6:51  Adept x2  
  66  6:52  Sentry x2  
  78  6:58  Immortal  
  82  7:02  Oracle  
  85  7:17  Probe x2  
  87  7:25  Forge  
  87  7:26  Forge  
  87  7:29  Pylon  
  87  7:30  Probe x3  
  87  7:31  Gateway  
  90  7:40  Immortal  
  90  7:42  Phoenix, Probe x2, Oracle  
  101  7:51  Protoss Ground Armor Level 1, Protoss Ground Weapons Level 1  
  96  8:00  Zealot x4  
  96  8:01  Zealot  
  98  8:07  Phoenix  
  100  8:17  Phoenix  
  102  8:28  Probe x3  
  102  8:32  Phoenix  
  105  8:36  Probe x3  
  110  8:46  Zealot x5  
  120  8:48  Probe  
  120  8:49  Probe  
  120  8:50  Probe  
  123  8:57  Pylon  
  123  8:59  Phoenix  
  123  9:00  Phoenix, Probe  
  123  9:01  Probe  
  123  9:02  Probe  
  130  9:03  Warp Prism  
  130  9:06  Protoss Air Weapons Level 1  
  132  9:24  Phoenix  
  132  9:29  Protoss Ground Weapons Level 2  
  124  9:41  Probe  
  124  9:42  Probe x2  
  127  9:49  Phoenix  
  129  9:52  Templar Archives  
  129  9:53  Probe  
  129  9:54  Probe  
  129  9:59  Probe  
  132  10:05  Probe  
  133  10:10  Probe  
  133  10:11  Probe  
  135  10:16  Protoss Ground Armor Level 2, Gateway x2  
  135  10:17  Pylon  
  135  10:18  Probe  
  135  10:19  Pylon  
  136  10:22  Pylon  
  136  10:23  Zealot x4  
  136  10:24  Zealot x2, Pylon  
  136  10:27  Psionic Storm  
  148  10:31  Pylon  
  148  10:35  Pylon  
  148  10:38  Pylon  
  148  10:54  Nexus  
  148  10:58  Probe x3, Assimilator  
  148  11:01  Assimilator  
  148  11:03  Immortal, Pylon  
  155  11:06  Pylon  
  155  11:10  Probe x2  
  157  11:15  High Templar x6  
  169  11:19  Archon x3  
  166  11:29  Phoenix  
  166  11:30  Phoenix  
  169  11:35  Nexus  
  169  11:38  Pylon  
  169  11:40  Pylon  
  169  11:45  High Templar x2  
  173  12:14  Probe x2  
  173  12:15  Probe  
  174  12:32  Protoss Ground Armor Level 3, Protoss Ground Weapons Level 3  
  172  12:44  High Templar x4  
  172  12:45  High Templar x3  
  172  12:49  Probe x2  
  172  12:50  Probe  
  187  13:01  Probe  
  187  13:02  Probe x2  
  181  13:24  Probe x2  
  181  13:25  Probe x2  
  182  13:36  Probe  
  182  13:39  High Templar x3  
  182  13:40  Archon x2  
  182  13:41  Archon  
  185  13:43  Archon  
  167  13:50  Immortal  
  171  13:56  Probe  
  172  14:06  Shield Battery  
  172  14:08  Shield Battery  
  172  14:12  Shield Battery  
  172  14:13  Shield Battery  
  172  14:27  Zealot  
  172  14:28  Zealot x7  
  188  14:35  Fleet Beacon  
  186  14:43  Pylon  
  182  14:49  Zealot x8  
  182  14:50  Protoss Air Armor Level 1  
  198  15:14  Nexus  
  198  15:15  Protoss Shields Level 1  
  198  15:17  Pylon  
  198  15:19  Pylon  
  198  15:21  Pylon  
  198  15:23  Assimilator  
  198  15:27  Assimilator  
  186  15:52  Zealot x8  
  158  16:18  High Templar x4  
  158  16:19  High Templar x4  
  158  16:23  Archon x3  
  172  16:27  Probe x2  
  174  16:44  Gateway  
  174  16:47  Gateway  
  174  16:49  Gateway x2  
  173  17:21  Zealot x8  
  174  18:02  Zealot x4  
  174  18:03  Zealot x2  
  160  18:28  High Templar x8  
Tags
 
Add a new tag
Caveats
  • Supply blocks, unpowered buildings, or Contaminate may cause inaccurate times.
  • Supply counts are checked every 10 seconds.